AoeStats
← ISRAEL AKBAR

Arena

506232125Analyzed
2v2 RM · 18d ago on Sep 12, 2026· 50m 31s· 4 players
Game mode
Random Map
Map size
Medium (4 player)
Population
200
Speed
Normal
Resources
Standard
Victory
Conquest
Starting age
Dark Age
Ending age
Imperial Age
RankedLock teamsTeams togetherTeam positionsShared explorationLock speedFull tech treeHidden civsTurbo modeCheats
Victory
Defeat
🇦🇷 Poles · Argentina
621
+12
🇦🇷 Vietnamese · Argentina
591
+13
🇸🇪 Cumans · Sweden
549
-13
🇸🇪 Celts · Sweden
527
-12
ISRAEL AKBAR
11:13 Feudal Age
15:23 Castle Age
13:15 Double-Bit Axe
13:36 Horse Collar
15:20 Gold Mining
21:31 Bow Saw
21:24 Heavy Plow
23:27 Wheelbarrow
27:30 Imperial Age
24:39 Man-at-Arms
25:07 Gambesons
25:09 Arson
26:25 Gold Shaft Mining
25:44 Long Swordsman
27:54 Scale Mail Armor
28:05 Forging
28:00 Two-Handed Swordsman
28:51 Champion
31:17 Capped Ram
33:32 Iron Casting
33:13 Chain Mail Armor
32:43 Siege Ram
35:27 Blast Furnace
35:51 Caravan
36:45 Stone Mining
37:28 Plate Mail Armor
37:17 Hand Cart
38:58 Stone Shaft Mining
39:54 Fervor
39:48 Devotion
39:46 Herbal Medicine
40:59 Fletching
41:10 Padded Archer Armor
41:16 Scale Barding Armor
40:33 Onager
40:35 Heavy Scorpion
41:05 Pikeman
43:55 Bodkin Arrow
44:16 Leather Archer Armor
44:21 Chain Barding Armor
44:28 Sanctity
44:35 Conscription
44:29 Furor Celtica
44:45 Stronghold
49:11 Loom
49:12 Town Watch
49:36 Halberdier
Ponta
13:41 Feudal Age
14:36 Horse Collar
14:44 Double-Bit Axe
23:16 Castle Age
23:06 Padded Archer Armor
22:57 Fletching
25:04 Elite Skirmisher
25:05 Crossbowman
25:54 Thumb Ring
26:05 Scale Barding Armor
33:44 Imperial Age
31:32 Leather Archer Armor
33:44 Ballistics
35:09 Caravan
36:12 Elite Kipchak
36:49 Capped Ram
37:30 Pikeman
38:36 Heavy Plow
38:50 Bow Saw
39:27 Ring Archer Armor
38:53 Bodkin Arrow
40:30 Siege Ram
47:44 Chain Barding Armor
47:25 Scale Mail Armor
47:36 Forging
pagetmelina016
2:26 Loom
12:43 Feudal Age
14:36 Wheelbarrow
13:52 Double-Bit Axe
13:55 Horse Collar
15:11 Gold Mining
16:16 Stone Mining
21:03 Castle Age
19:43 Forging
19:40 Scale Barding Armor
19:50 Bloodlines
21:48 Scale Mail Armor
22:07 Hand Cart
21:56 Heavy Plow
22:11 Bow Saw
24:27 Stone Shaft Mining
24:17 Elite Skirmisher
24:23 Light Cavalry
25:05 Husbandry
26:39 Squires
26:01 Man-at-Arms
27:00 Szlachta Privileges
29:56 Town Watch
30:17 Caravan
33:59 Imperial Age
32:28 Murder Holes
33:46 Chain Mail Armor
34:08 Iron Casting
33:52 Thumb Ring
34:08 Elite Obuch
35:59 Crop Rotation
36:10 Coinage
35:37 Fletching
35:49 Padded Archer Armor
36:09 Imperial Skirmisher
38:04 Chemistry
36:48 Treadmill Crane
37:47 Cavalier
40:03 Town Patrol
40:41 Banking
42:06 Hoardings
41:04 Sappers
41:56 Conscription
42:23 Cavalier
48:15 Winged Hussar
49:48 Lechitic Legacy
benjaminmarquinez7
13:27 Feudal Age
14:23 Double-Bit Axe
14:22 Horse Collar
15:54 Gold Mining
15:56 Stone Mining
19:18 Wheelbarrow
24:16 Castle Age
27:25 Hand Cart
27:26 Bow Saw
27:19 Heavy Plow
27:14 Fletching
27:25 Padded Archer Armor
27:36 Forging
28:03 Chatras
29:14 Leather Archer Armor
36:18 Imperial Age
35:10 Bodkin Arrow
35:23 Scale Barding Armor
35:19 Scale Mail Armor
35:55 Iron Casting
35:28 Caravan
35:58 Coinage
35:14 Treadmill Crane
38:04 Chemistry
37:27 Ballistics
37:13 Loom
37:14 Town Watch
38:12 Crop Rotation
38:46 Two-Man Saw
39:06 Paper Money
40:01 Hoardings
40:04 Sappers
41:31 Heated Shot
41:39 Murder Holes
41:55 Fortified Wall
45:25 Bracer
45:57 Ring Archer Armor
45:49 Chain Barding Armor
45:45 Chain Mail Armor
Connection lost

Rejoining the realm…

Still unreachable

The connection could not be restored.

Session expired

The server has moved on; the page needs a fresh start.